MLB
ATLANTA BRAVES @ CHICAGO CUBS
03/25/2048
 
TOP OF THE 1ST
Atlanta Braves batting - Pitching for Chicago Cubs : LHP Unkei Wakamatsu
Pitching: LHP Unkei Wakamatsu
Batting: RHB Jeckel Hester 0-0: Called Strike
0-1: Ground out 4-3 (Groundball, 4, EV 88.1 MPH)
Batting: RHB Kevin Howard 0-0: Swinging Strike
0-1: Swinging Strike
0-2: Ball
1-2: Strikes out swinging
Batting: RHB Xavier Davis 0-0: SINGLE (Groundball, 34S, EV 73.1 MPH) (infield hit)
Batting: RHB Ike Trout 0-0: Ball
1-0: Ball
2-0: Fly out, F7 (Flyball, 7, EV 80.6 MPH)
Top of the 1st over - 0 runs, 1 hit, 0 errors, 1 left on base; Atlanta 0 - Chicago 0
BOTTOM OF THE 1ST
Chicago Cubs batting - Pitching for Atlanta Braves : LHP Matthew Spurrell
Pitching: LHP Matthew Spurrell
Batting: RHB Yasuhide Kasahara 0-0: Ball
1-0: Foul Ball, location: 2F
1-1: Foul Ball, location: 2F
1-2: Ball
2-2: Ball
3-2: Base on Balls
Batting: SHB Moe Lester 0-0: Called Strike
Yasuhide Kasahara steals 2nd base
0-1: SINGLE (Line Drive, 78M, EV 102.5 MPH)
Yasuhide Kasahara to third
Runner from 3rd tries for Home, SAFE, throw by LF to home
Batting: RHB Efrain Vargas 0-0: Ball
1-0: Ball
Moe Lester steals 2nd base
2-0: Foul Ball, location: 2F
2-1: Swinging Strike
2-2: Foul Ball, location: 2F
2-2: Strikes out swinging
Batting: RHB Josh Kalman 0-0: Ground out 5-3 (Groundball, 56, EV 100.0 MPH)
Batting: LHB Kevin Norton 0-0: Ball
1-0: Foul Ball, location: 2F
1-1: Ball
2-1: Ball
Passed Ball!
Moe Lester to third
3-1: 2-RUN HOME RUN (Flyball, 89XD, EV 106.2 MPH), Distance : 421 ft
Batting: RHB Jose Balderrama 0-0: Swinging Strike
0-1: Ball
1-1: Ball
2-1: Ground out 5-3 (Groundball, 56S, EV 88.8 MPH)
Bottom of the 1st over - 3 runs, 2 hits, 0 errors, 0 left on base; Atlanta 0 - Chicago 3
TOP OF THE 2ND
Atlanta Braves batting - Pitching for Chicago Cubs : LHP Unkei Wakamatsu
Batting: RHB Jared Speck 0-0: Called Strike
0-1: Called Strike
0-2: Strikes out swinging
Batting: RHB Liangde Li 0-0: Foul Ball, location: 2F
0-1: Swinging Strike
0-2: Ball
1-2: Strikes out looking
Batting: LHB Erik Gretzky 0-0: Called Strike
0-1: Foul Ball, location: 2F
0-2: Ball
1-2: Ball
2-2: Strikes out swinging
Top of the 2nd over - 0 runs, 0 hits, 0 errors, 0 left on base; Atlanta 0 - Chicago 3
BOTTOM OF THE 2ND
Chicago Cubs batting - Pitching for Atlanta Braves : LHP Matthew Spurrell
Batting: RHB Alan Oxenrider 0-0: Called Strike
0-1: Ball
1-1: Swinging Strike
1-2: Strikes out looking
Batting: RHB Kanehisa Kubo 0-0: Ground out 6-3 (Groundball, P, EV 89.4 MPH)
Batting: RHB Brian Gargis 0-0: Ground out 1-3 (Groundball, 15S, EV 71.9 MPH)
Bottom of the 2nd over - 0 runs, 0 hits, 0 errors, 0 left on base; Atlanta 0 - Chicago 3
TOP OF THE 3RD
Atlanta Braves batting - Pitching for Chicago Cubs : LHP Unkei Wakamatsu
Batting: RHB Tade Post 0-0: Ball
1-0: Ball
2-0: Called Strike
2-1: Swinging Strike
2-2: Foul Ball, location: 2F
2-2: Strikes out looking
Batting: RHB Alex Munoz 0-0: Swinging Strike
0-1: Called Strike
0-2: Strikes out swinging
Batting: RHB Jeckel Hester 0-0: Foul Ball, location: 2F
0-1: Called Strike
0-2: Ball
1-2: Ball
2-2: Ground out 3-1 (Groundball, 34, EV 83.1 MPH)
Top of the 3rd over - 0 runs, 0 hits, 0 errors, 0 left on base; Atlanta 0 - Chicago 3
BOTTOM OF THE 3RD
Chicago Cubs batting - Pitching for Atlanta Braves : LHP Matthew Spurrell
Batting: RHB Yasuhide Kasahara 0-0: Ball
1-0: Called Strike
1-1: Fly out, F9 (Flyball, 9LD, EV 101.2 MPH)
Batting: SHB Moe Lester 0-0: Ball
1-0: Ball
2-0: Foul Ball, location: 2F
2-1: Foul Ball, location: 2F
2-2: Ball
3-2: Fly out, F7 (Line Drive, 7LM, EV 88.1 MPH)
Batting: RHB Efrain Vargas 0-0: Ball
1-0: Called Strike
1-1: Swinging Strike
1-2: Strikes out swinging
Bottom of the 3rd over - 0 runs, 0 hits, 0 errors, 0 left on base; Atlanta 0 - Chicago 3
TOP OF THE 4TH
Atlanta Braves batting - Pitching for Chicago Cubs : LHP Unkei Wakamatsu
Batting: RHB Kevin Howard 0-0: Called Strike
0-1: SOLO HOME RUN (Flyball, 8RXD, EV 117.5 MPH), Distance : 480 ft
Batting: RHB Xavier Davis 0-0: SINGLE (Groundball, 6MD, EV 102.5 MPH) (infield hit)
Batting: RHB Ike Trout 0-0: Called Strike
0-1: Foul Ball, location: 2F
0-2: Ball
1-2: Foul Ball, location: 2F
1-2: Strikes out looking
Batting: RHB Jared Speck 0-0: Called Strike
0-1: Ball
1-1: Called Strike
1-2: Ball
2-2: Fly out, F7 (Flyball, 7D, EV 85.0 MPH)
Batting: RHB Liangde Li 0-0: Ball
1-0: Called Strike
1-1: Ball
2-1: Ball
3-1: Base on Balls
Xavier Davis to second
Batting: LHB Erik Gretzky 0-0: Called Strike
0-1: Fly out, F8 (Flyball, 8LM, EV 75.0 MPH)
Top of the 4th over - 1 run, 2 hits, 0 errors, 2 left on base; Atlanta 1 - Chicago 3
BOTTOM OF THE 4TH
Chicago Cubs batting - Pitching for Atlanta Braves : LHP Matthew Spurrell
Batting: RHB Josh Kalman 0-0: Called Strike
0-1: Ground out 6-3 (Groundball, 6M, EV 97.5 MPH)
Batting: LHB Kevin Norton 0-0: Ball
1-0: Called Strike
1-1: Ground out U3 (Groundball, 13, EV 83.8 MPH)
Batting: RHB Jose Balderrama 0-0: Ball
1-0: Foul Ball, location: 2F
1-1: SINGLE (Line Drive, 8RS, EV 102.5 MPH)
Batting: RHB Alan Oxenrider 0-0: Ball
1-0: Ball
2-0: Called Strike
2-1: Swinging Strike
2-2: Foul Ball, location: 2F
2-2: Strikes out swinging
Bottom of the 4th over - 0 runs, 1 hit, 0 errors, 1 left on base; Atlanta 1 - Chicago 3
TOP OF THE 5TH
Atlanta Braves batting - Pitching for Chicago Cubs : LHP Unkei Wakamatsu
Pitching: LHP Mike Alexander
Now at 1B: Heef Harted
Now at 3B: Adam Kelliher
Now in RF: Seung-ho Zhang
Batting: RHB Tade Post 0-0: Ball
1-0: Foul Ball, location: 2F
1-1: Ball
2-1: Swinging Strike
2-2: Foul Ball, location: 2F
2-2: Ball
3-2: Strikes out swinging
Batting: RHB Alex Munoz 0-0: Foul Ball, location: 2F
0-1: Ball
1-1: Ball
2-1: Foul Ball, location: 2F
2-2: Foul Ball, location: 2F
2-2: Ground out 5-3 (Groundball, 56, EV 85.0 MPH)
Batting: RHB Jeckel Hester 0-0: Ball
1-0: Swinging Strike
1-1: Ball
2-1: Called Strike
2-2: Strikes out swinging
Top of the 5th over - 0 runs, 0 hits, 0 errors, 0 left on base; Atlanta 1 - Chicago 3
BOTTOM OF THE 5TH
Chicago Cubs batting - Pitching for Atlanta Braves : LHP Matthew Spurrell
Pitching: RHP Nate Bixler
Batting: RHB Kanehisa Kubo 0-0: Foul Ball, location: 2F
0-1: Ball
1-1: Ball
2-1: Foul Ball, location: 2F
2-2: Foul Ball, location: 2F
2-2: Ground out 6-3 (Groundball, 6, EV 90.6 MPH)
Batting: RHB Brian Gargis 0-0: Foul Ball, location: 2F
0-1: DOUBLE (Line Drive, 89XD, EV 103.1 MPH)
Pinch Hitting: RHB Rich Thurman 0-0: Swinging Strike
0-1: Ball
1-1: Ball
2-1: Foul Ball, location: 2F
2-2: Ball
3-2: Strikes out swinging
Batting: SHB Moe Lester 0-0: Ball
1-0: Ball
2-0: Ball
3-0: Called Strike
3-1: Foul Ball, location: 2F
3-2: Foul Ball, location: 2F
3-2: Base on Balls
Batting: RHB Heef Harted 0-0: Ball
1-0: Ball
2-0: Fly out, F9 (Flyball, 9S, EV 81.2 MPH)
Bottom of the 5th over - 0 runs, 1 hit, 0 errors, 2 left on base; Atlanta 1 - Chicago 3
TOP OF THE 6TH
Atlanta Braves batting - Pitching for Chicago Cubs : LHP Mike Alexander
Now at SS: Rich Thurman
Now in LF: Tim Hone
Now in CF: Steve DiDomenico
Pinch Hitting: RHB J.J. Powers 0-0: Ball
1-0: Ball
2-0: Ball
3-0: Base on Balls
Pinch Hitting: LHB Luis Magdaleno 0-0: Called Strike
0-1: Foul Ball, location: 2F
0-2: Hit by Pitch
J.J. Powers to second
Pinch Hitting: SHB Terry Tuckfard 0-0: Ball
1-0: Foul Ball, location: 2F
1-1: Called Strike
1-2: Fly out, F6 (Popup, 56, EV 74.4 MPH)
Pinch Hitting: LHB Darryl Gonnella 0-0: Foul Ball, location: 2F
0-1: Swinging Strike
0-2: Strikes out looking
Batting: LHB David Bramble 0-0: SINGLE (Flyball, 8RS, EV 85.6 MPH)
J.J. Powers to third
Luis Magdaleno to second
Runner from 3rd tries for Home, SAFE, throw by CF to home
Batting: LHB Erik Gretzky 0-0: Foul Ball, location: 2F
0-1: Ball
1-1: Foul Ball, location: 2F
1-2: Ball
2-2: Foul Ball, location: 2F
2-2: Ball
3-2: Base on Balls
Luis Magdaleno to third
David Bramble to second
Batting: RHB Tade Post 0-0: Ball
1-0: Foul Ball, location: 2F
1-1: Swinging Strike
1-2: Ball
2-2: Ball
3-2: Strikes out swinging
Top of the 6th over - 1 run, 1 hit, 0 errors, 3 left on base; Atlanta 2 - Chicago 3
BOTTOM OF THE 6TH
Chicago Cubs batting - Pitching for Atlanta Braves : RHP Nate Bixler
Pitching: RHP Gordon Cushing
Now at 1B: Terry Tuckfard
Now at 2B: J.J. Powers
Now in LF: Darryl Gonnella
Now in RF: Luis Magdaleno
Batting: RHB Steve Bartman Jr. 0-0: Ball
1-0: Ball
2-0: Ground out 5-3 (Groundball, 56, EV 78.1 MPH)
Batting: SHB Seung-ho Zhang 0-0: Ball
1-0: Swinging Strike
1-1: Foul Ball, location: 2F
1-2: Fly out, F7 (Line Drive, 7S, EV 99.4 MPH)
Pinch Hitting: RHB Sébastien Piat 0-0: Ball
1-0: Foul Ball, location: 2F
1-1: Ball
2-1: Foul Ball, location: 2F
2-2: Ball
3-2: Fly out, F7 (Flyball, 7D, EV 88.1 MPH)
Bottom of the 6th over - 0 runs, 0 hits, 0 errors, 0 left on base; Atlanta 2 - Chicago 3
TOP OF THE 7TH
Atlanta Braves batting - Pitching for Chicago Cubs : LHP Mike Alexander
Pitching: RHP Miles Edwards
Now at C: Andy Arbuckle
Now at 2B: Sébastien Piat
Batting: RHB Alex Munoz 0-0: Ball
1-0: Ball
2-0: Ball
3-0: Called Strike
3-1: Base on Balls
Batting: RHB Jeckel Hester 0-0: Foul Ball, location: 2F
0-1: Sac Bunt to 23 - play at first, batter OUT! 3-4
Alex Munoz to second
Batting: RHB J.J. Powers 0-0: Ball
1-0: Foul Ball, location: 2F
1-1: Ball
Wild Pitch!
Alex Munoz to third
2-1: SINGLE (Groundball, 56, EV 100.6 MPH)
Alex Munoz scores
Batting: LHB Luis Magdaleno 0-0: Ball
1-0: Called Strike
1-1: Ball
2-1: Called Strike
2-2: Foul Ball, location: 2F
2-2: Foul Ball, location: 2F
2-2: Fly out, F5 (Popup, 56S, EV 76.9 MPH)
Batting: SHB Terry Tuckfard 0-0: Called Strike
J.J. Powers steals 2nd base
0-1: Ball
1-1: Ball
2-1: Foul Ball, location: 2F
2-2: Foul Ball, location: 2F
2-2: Ball
3-2: Foul Ball, location: 2F
3-2: Base on Balls
Batting: LHB Darryl Gonnella 0-0: Called Strike
0-1: Ball
1-1: Ball
2-1: Ball
3-1: Fly out, F9 (Flyball, 9S, EV 89.4 MPH)
Top of the 7th over - 1 run, 1 hit, 0 errors, 2 left on base; Atlanta 3 - Chicago 3
BOTTOM OF THE 7TH
Chicago Cubs batting - Pitching for Atlanta Braves : RHP Gordon Cushing
Pitching: RHP Victor Munoz
Batting: RHB Adam Kelliher 0-0: Ball
1-0: Foul Ball, location: 2F
1-1: Swinging Strike
1-2: Ball
2-2: Strikes out swinging
Batting: LHB Andy Arbuckle 0-0: Called Strike
0-1: Fly out, F9 (Line Drive, 9, EV 90.6 MPH)
Batting: SHB Tim Hone 0-0: Foul Ball, location: 2F
0-1: Ground out 1-3 (Groundball, 13, EV 72.5 MPH)
Bottom of the 7th over - 0 runs, 0 hits, 0 errors, 0 left on base; Atlanta 3 - Chicago 3
TOP OF THE 8TH
Atlanta Braves batting - Pitching for Chicago Cubs : RHP Miles Edwards
Pitching: LHP George Poirier
Batting: LHB David Bramble 0-0: Called Strike
0-1: Fly out, F6 (Line Drive, 6M, EV 75.0 MPH)
Batting: LHB Erik Gretzky 0-0: Called Strike
0-1: Ball
1-1: Foul Ball, location: 2F
1-2: Foul Ball, location: 2F
1-2: Strikes out looking
Batting: RHB Tade Post 0-0: Called Strike
0-1: Swinging Strike
0-2: Strikes out swinging
Top of the 8th over - 0 runs, 0 hits, 0 errors, 0 left on base; Atlanta 3 - Chicago 3
BOTTOM OF THE 8TH
Chicago Cubs batting - Pitching for Atlanta Braves : RHP Victor Munoz
Pitching: RHP Brendan Graham
Pinch Hitting: LHB Mark Ingram 0-0: Ball
1-0: Ball
2-0: Ball
3-0: Base on Balls
Batting: SHB Steve DiDomenico 0-0: Sac Bunt to 23 - play at first, batter OUT! 3-4
Mark Ingram to second
Pinch Hitting: LHB Barend van der Kamp 0-0: Called Strike
0-1: Ball
1-1: Ball
2-1: Called Strike
2-2: Foul Ball, location: 2F
2-2: Ball
3-2: Foul Ball, location: 2F
3-2: Strikes out swinging
Batting: RHB Steve Bartman Jr. 0-0: Ball
1-0: Called Strike
1-1: Fly out, F9 (Flyball, 9D, EV 102.5 MPH)
Bottom of the 8th over - 0 runs, 0 hits, 0 errors, 1 left on base; Atlanta 3 - Chicago 3
TOP OF THE 9TH
Atlanta Braves batting - Pitching for Chicago Cubs : LHP George Poirier
Pitching: RHP Luis Brown
Now at 1B: Mark Ingram
Now at SS: Gabriel Cruz
Batting: RHB Alex Munoz 0-0: Ball
1-0: Foul Ball, location: 2F
1-1: Foul Ball, location: 2F
1-2: Fly out, F3 (Popup, 3SF, EV 81.9 MPH)
Batting: RHB Jeckel Hester 0-0: Ball
1-0: Foul Ball, location: 2F
1-1: Ground out 5-3 (Groundball, 56, EV 85.0 MPH)
Batting: RHB J.J. Powers 0-0: Ball
1-0: Ball
2-0: Ground out U3 (Groundball, 3, EV 106.9 MPH)
Top of the 9th over - 0 runs, 0 hits, 0 errors, 0 left on base; Atlanta 3 - Chicago 3
BOTTOM OF THE 9TH
Chicago Cubs batting - Pitching for Atlanta Braves : RHP Brendan Graham
Pitching: LHP Shingo Miura
Batting: SHB Seung-ho Zhang 0-0: Foul Ball, location: 2F
0-1: Called Strike
0-2: Ball
1-2: SINGLE (Groundball, 6MD, EV 110.0 MPH)
Batting: RHB Sébastien Piat 0-0: Ball
1-0: Bunt missed!
1-1: Sac Bunt to 15S - play at first, batter OUT! 1-3
Seung-ho Zhang to second
Batting: RHB Adam Kelliher 0-0: Ground out 6-3 (Groundball, 6, EV 100.6 MPH)
Batting: LHB Andy Arbuckle 0-0: Ball
1-0: Ground out 5-3 (Groundball, 5, EV 101.9 MPH)
Bottom of the 9th over - 0 runs, 1 hit, 0 errors, 1 left on base; Atlanta 3 - Chicago 3
TOP OF THE 10TH
Atlanta Braves batting - Pitching for Chicago Cubs : RHP Luis Brown
Pitching: LHP Jesse Fields
Batting: LHB Luis Magdaleno 0-0: Called Strike
0-1: Swinging Strike
0-2: Ball
1-2: Strikes out swinging
Batting: SHB Terry Tuckfard 0-0: Swinging Strike
0-1: Called Strike
0-2: Fly out, F9 (Flyball, 9S, EV 86.2 MPH)
Batting: LHB Darryl Gonnella 0-0: Ground out 4-3 (Groundball, 4, EV 86.2 MPH)
Top of the 10th over - 0 runs, 0 hits, 0 errors, 0 left on base; Atlanta 3 - Chicago 3
BOTTOM OF THE 10TH
Chicago Cubs batting - Pitching for Atlanta Braves : LHP Shingo Miura
Pitching: RHP Greg Hart
Batting: SHB Tim Hone 0-0: Called Strike
0-1: Foul Ball, location: 2F
0-2: Foul Ball, location: 2F
0-2: Ball
1-2: Ball
2-2: Foul Ball, location: 2F
2-2: Strikes out swinging
Batting: LHB Mark Ingram 0-0: Foul Ball, location: 2F
0-1: Ball
1-1: Foul Ball, location: 2F
1-2: Strikes out swinging
Batting: SHB Steve DiDomenico 0-0: Ground out U3 (Groundball, 34, EV 83.8 MPH)
Bottom of the 10th over - 0 runs, 0 hits, 0 errors, 0 left on base; Atlanta 3 - Chicago 3
TOP OF THE 11TH
Atlanta Braves batting - Pitching for Chicago Cubs : LHP Jesse Fields
Pitching: RHP Arnaldo Cardamenho
Batting: LHB David Bramble 0-0: Called Strike
0-1: Foul Ball, location: 2F
0-2: Ball
1-2: Strikes out swinging
Batting: LHB Erik Gretzky 0-0: Called Strike
0-1: Ball
1-1: Foul Ball, location: 2F
1-2: Ball
2-2: Strikes out looking
Batting: RHB Tade Post 0-0: Ball
1-0: Called Strike
1-1: Ball
2-1: Called Strike
2-2: DOUBLE (Line Drive, 89XD, EV 97.5 MPH)
Batting: RHB Alex Munoz 0-0: Ball
1-0: Foul Ball, location: 2F
1-1: Foul Ball, location: 2F
1-2: Ball
2-2: Strikes out swinging
Top of the 11th over - 0 runs, 1 hit, 0 errors, 1 left on base; Atlanta 3 - Chicago 3
BOTTOM OF THE 11TH
Chicago Cubs batting - Pitching for Atlanta Braves : RHP Greg Hart
Batting: SHB Gabriel Cruz 0-0: Ball
1-0: Ground out U3 (Groundball, 34, EV 93.1 MPH)
Batting: RHB Francisco Ramirez 0-0: Called Strike
0-1: Ball
1-1: Ball
2-1: Foul Ball, location: 2F
2-2: Ground out U3 (Groundball, 34, EV 90.0 MPH)
Batting: SHB Seung-ho Zhang 0-0: Ball
1-0: Ball
2-0: Ball
3-0: Base on Balls
Batting: RHB Sébastien Piat 0-0: Ball
Seung-ho Zhang steals 2nd base (no throw)
1-0: Intentional Walk
Batting: RHB Adam Kelliher 0-0: Called Strike
0-1: Ground out 1-3 (Groundball, 13S, EV 76.9 MPH)
Bottom of the 11th over - 0 runs, 0 hits, 0 errors, 2 left on base; Atlanta 3 - Chicago 3
TOP OF THE 12TH
Atlanta Braves batting - Pitching for Chicago Cubs : RHP Arnaldo Cardamenho
Pitching: RHP Chris Perretta
Batting: RHB Jeckel Hester 0-0: Ball
1-0: Called Strike
1-1: Ball
2-1: Foul Ball, location: 2F
2-2: Foul Ball, location: 2F
2-2: Strikes out swinging
Batting: RHB J.J. Powers 0-0: Called Strike
0-1: Foul Ball, location: 2F
0-2: Ball
1-2: Foul Ball, location: 2F
1-2: Strikes out swinging
Batting: LHB Luis Magdaleno 0-0: Called Strike
0-1: Ball
1-1: Ball
2-1: Ball
3-1: Base on Balls
Batting: SHB Terry Tuckfard 0-0: Ball
1-0: 2-RUN HOME RUN (Flyball, 9D, EV 103.8 MPH), Distance : 375 ft
Batting: LHB Darryl Gonnella 0-0: Swinging Strike
0-1: Ball
1-1: Ground out 4-3 (Groundball, 4, EV 88.8 MPH)
Top of the 12th over - 2 runs, 1 hit, 0 errors, 0 left on base; Atlanta 5 - Chicago 3
BOTTOM OF THE 12TH
Chicago Cubs batting - Pitching for Atlanta Braves : RHP Greg Hart
Pitching: LHP Nolan Stefanski
Batting: LHB Andy Arbuckle 0-0: Ball
1-0: Ball
2-0: Foul Ball, location: 2F
2-1: Ground out U3 (Groundball, 34S, EV 84.4 MPH)
Batting: SHB Tim Hone 0-0: Ball
1-0: Called Strike
1-1: Swinging Strike
1-2: Fly out, F6 (Line Drive, 6, EV 68.8 MPH)
Batting: LHB Mark Ingram 0-0: Ball
1-0: Ball
2-0: Ground out 4-3 (Groundball, 4MS, EV 87.5 MPH)
Bottom of the 12th over - 0 runs, 0 hits, 0 errors, 0 left on base; Atlanta 5 - Chicago 3
Tuesday, March 28th , 2023 - OOTP Baseball 23.10 Build 110